 Dungeon Crawl Stone Soup version 0.25.1-2-g60ff931df9 (webtiles) character file.

Game seed: 9706865345955636979

12332 Almogavar the Carver (level 11, -4/97 HPs)
             Began as a Yellow Draconian Gladiator on Sept 1, 2020.
             Was a High Priest of Makhleb.
             Slain by a death yak (23 damage)
             ... on level 9 of the Dungeon.
             The game lasted 00:54:12 (13556 turns).

Almogavar the Carver (Yellow Draconian Gladiator)  Turns: 13556, Time: 00:54:13

Health: -4/97      AC: 10    Str: 19    XL:     11   Next: 61%
Magic:  20/20      EV: 17    Int:  9    God:    Makhleb [*****.]
Gold:   615        SH:  0    Dex: 13    Spells: 10/10 levels left

rFire    . . .     SeeInvis .   E - +3 long sword (freeze)
rCold    + + .     Gourm    .   (no shield)
rNeg     . . .     Faith    .   (armour unavailable)
rPois    .         Spirit   .   b - +0 hat
rElec    .         Reflect  .   g - scarf {rC+ rF+}
rCorr    +         Harm     .   n - +0 pair of gloves
MR       .....                  i - +1 pair of boots (curse)
Stlth    +++.......             (no amulet)
HPRegen  0.26/turn              a - ring of ice
MPRegen  0.17/turn              P - ring of magical power

@: short of breath, studying Crossbows
A: spit acid, unfitting armour, cold-blooded, acid resistance, AC +7
a: Breathe Acid, Minor Destruction, Lesser Servant of Makhleb, Major
Destruction, Greater Servant of Makhleb, Renounce Religion


You were on level 9 of the Dungeon.
You worshipped Makhleb.
Makhleb was extremely pleased with you.
You were not hungry.

You visited 1 branch of the dungeon, and saw 10 of its levels.

You collected 615 gold pieces.

Inventory:

Hand Weapons
 E - a +3 long sword of freezing (weapon)
 J - a +1 great sword of holy wrath
 N - a +3 long sword of draining
Missiles
 R - 3 throwing nets (quivered)
Armour
 b - a +0 hat (worn)
 g - a scarf of resistance (worn)
 i - a cursed +1 pair of boots (worn)
 n - a +0 pair of gloves (worn)
 M - a +0 kite shield
Jewellery
 a - a ring of ice (left hand)
 I - an uncursed ring of flight
 P - a ring of magical power (right hand)
Wands
 r - a wand of flame (14)
 v - a wand of disintegration (13)
 y - a wand of random effects (19)
 C - a wand of iceblast (9)
 L - a wand of paralysis (4)
 T - a wand of clouds (5)
Scrolls
 c - 2 scrolls of immolation
 h - 3 scrolls of remove curse
 m - 2 scrolls of magic mapping
 q - a scroll of fog {unknown}
 s - 2 scrolls of enchant weapon {unknown}
 w - 2 scrolls of teleportation
 x - a scroll of enchant armour
 A - a scroll of amnesia
 G - 3 scrolls of fear {unknown}
 K - a scroll of holy word {unknown}
 O - a scroll of blinking {unknown}
Potions
 e - a potion of ambrosia {unknown}
 f - 3 potions of haste
 j - a potion of lignification {unknown}
 k - a potion of heal wounds
 l - a potion of invisibility
 o - 4 potions of degeneration {unknown}
 p - a potion of flight
 t - 2 potions of curing {unknown}
 u - 2 potions of berserk rage {unknown}
 z - a potion of stabbing {unknown}
 B - 2 potions of might {unknown}
 D - a potion of mutation {unknown}
 F - a potion of cancellation {unknown}
 H - a potion of magic {unknown}
Books
 Q - a manual of Crossbows
Comestibles
 d - 27 rations


   Skills:
 + Level 9.4 Fighting
 + Level 12.8 Long Blades
 * Level 4.1 Crossbows
 - Level 1.7 Throwing
 + Level 8.3 Dodging
 + Level 5.4 Stealth
 + Level 1.3 Invocations


You had 10 spell levels left.
You didn't know any spells.
Your spell library contained the following spells:

 Spells                   Type           Power        Failure   Level  Hunger
 Animate Skeleton         Necr           N/A          38%         1    ##.....
 Corona                   Hex            #......      38%         1    ##.....
 Pain                     Necr           #...         38%         1    ##.....
 Ensorcelled Hibernation  Hex/Ice        #.....       52%         2    ###....
 Confusing Touch          Hex            #.......     77%         3    ####...
 Dazzling Flash           Conj/Hex       #.....       77%         3    ####...
 Tukima's Dance           Hex            #.......     77%         3    ####...
 Vampiric Draining        Necr           #.........   77%         3    ####...
 Animate Dead             Necr           N/A          99%         4    #####..
 Agony                    Necr           #.......     100%        5    ######.


Dungeon Overview and Level Annotations

Branches:
Dungeon (10/15)            Temple (0/1) D:6
   Lair: D:8-11         Orc: D:9-12

Altars:
Elyvilon
Makhleb
Nemelex Xobeh
Okawaru
Wu Jian
Yredelemnul

Annotations:
D:8 2 runed translucent doors


Innate Abilities, Weirdness & Mutations

You can spit globs of acid.
Your golden yellow scales are hard. (AC +7)
You cannot fit into any form of body armour.
You are cold-blooded and may be slowed by cold attacks.
You are resistant to acid. (rCorr)


Message History

You barely miss the death yak. You tail-slap the death yak.
The death yak is severely wounded.
The death yak barely misses you.
You barely miss the death yak.
The death yak is severely wounded.
The death yak gores you!
* * * LOW HITPOINT WARNING * * *
You barely miss the death yak.
You tail-slap the death yak, but do no damage.
The death yak is severely wounded.
You hit the death yak but do no damage.
The death yak is severely wounded.
The death yak barely misses you.
You slash the death yak! You freeze the death yak!
The death yak is almost dead.
The death yak barely misses you.
You barely miss the death yak.
The death yak is almost dead.
The death yak gores you!!
You die...

##################
#@....#...........
#Y....#...........
#<....#...........
#.....#...........
#.................
#.................
#.................
#.........#######.
#...............#.


You could see a death yak (corroded).

Vanquished Creatures
  Harold (D:10)
  A two-headed ogre (D:10)
  A centaur warrior (D:9)
  Pikel (D:6)
  A cyclops (D:10)
  Psyche (D:10)
  Maurice (D:10)
  2 hippogriffs (D:8)
  A spriggan (D:7)
  Sigmund (D:6)
  6 yaks (D:9)
  Grum (D:8)
  Edmund (D:6)
  2 water moccasins (D:8)
  3 ice beasts
  2 sky beasts
  A slave (D:6)
  2 orc warriors
  2 black bears
  A phantom (D:8)
  7 ogres
  A necrophage (D:8)
  5 centaurs
  4 wolves (D:8)
  A crocodile (D:9)
  11 bullfrogs
  A wyvern zombie (D:8)
  5 scorpions
  15 killer bees
  8 wights
  6 howler monkeys
  A centaur zombie (D:6)
  4 crimson imps
  6 hounds
  4 bullfrog skeletons
  3 jellies
  6 orc priests
  12 orc wizards
  A centaur skeleton (D:9)
  A gnoll shaman (D:7)
  Jessica (D:3)
  4 iguanas
  9 worker ants
  A hound zombie (D:9)
  4 gnolls
  14 adders
  A shadow imp (D:5)
  An adder skeleton (D:7)
  2 worms (D:2)
  4 leopard geckos
  32 orcs
  10 bats
  6 giant cockroaches
  7 hobgoblins
  7 jackals
  3 quokkas
  2 ball pythons
  4 frilled lizards
  9 goblins
  A jackal skeleton (D:7)
  12 kobolds
  2 leopard gecko skeletons
  2 quokka skeletons
  2 quokka zombies
  12 rats
286 creatures vanquished.

Vanquished Creatures (collateral kills)
  A tengu warrior (D:8)
  A hornet zombie (D:10)
  A centaur (D:8)
  2 killer bees (D:10)
  A crimson imp (D:10)
6 creatures vanquished.

Vanquished Creatures (others)
  2 slaves (D:6)
  A bullfrog (D:6)
  A wight (D:6)
  2 orc wizards
  A killer bee zombie (D:6)
  3 orcs (D:6)
  A quokka (D:6)
11 creatures vanquished.

Grand Total: 303 creatures vanquished

Notes
Turn   | Place    | Note
-------+----------+-------------------------------------------
     0 | D:1      | Almogavar the Draconian Gladiator began the quest for the
                  | Orb.
     0 | D:1      | Reached XP level 1. HP: 17/17 MP: 1/1
   162 | D:1      | Reached XP level 2. HP: 4/24 MP: 2/2
   809 | D:1      | Reached skill level 4 in Long Blades
   809 | D:1      | Reached XP level 3. HP: 26/30 MP: 3/3
  1567 | D:2      | Found a sparkling altar of Nemelex Xobeh.
  1569 | D:2      | Found a burning altar of Makhleb.
  1857 | D:2      | Became a worshipper of Makhleb the Destroyer
  1913 | D:2      | Reached XP level 4. HP: 14/37 MP: 4/4
  2971 | D:3      | Noticed Jessica
  2976 | D:3      | Noticed an ogre
  2981 | D:3      | Killed Jessica
  3005 | D:3      | Killed an ogre
  3005 | D:3      | Reached skill level 5 in Long Blades
  3005 | D:3      | Reached skill level 1 in Stealth
  3005 | D:3      | Reached XP level 5. HP: 25/45 MP: 5/5
  3085 | D:3      | Reached * piety under Makhleb
  3574 | D:4      | Reached XP level 6. HP: 49/51 MP: 6/6
  3902 | D:4      | Reached skill level 6 in Long Blades
  4400 | D:4      | Your scales start taking on a golden yellow colour.
  4400 | D:4      | Reached XP level 7. HP: 47/59 MP: 7/7
  4400 | D:4      | Gained mutation: You are resistant to acid. (rCorr) [Yellow
                  | Draconian growth]
  4910 | D:5      | Entered Level 5 of the Dungeon
  5005 | D:5      | Reached skill level 7 in Long Blades
  5585 | D:6      | Found a basalt altar of Yredelemnul.
  5586 | D:6      | Found an ornate altar of the Wu Jian Council.
  5603 | D:6      | Noticed Pikel
  5606 | D:6      | Reached XP level 8. HP: 63/67 MP: 8/8
  5633 | D:6      | Killed Pikel
  5633 | D:6      | Reached skill level 5 in Fighting
  5633 | D:6      | Reached skill level 8 in Long Blades
  5851 | D:6      | Noticed Sigmund
  5865 | D:6      | Reached ** piety under Makhleb
  6158 | D:6      | Found a staircase to the Ecumenical Temple.
  6181 | D:6      | Noticed Edmund
  6213 | D:6      | Reached skill level 5 in Dodging
  6219 | D:6      | Killed Edmund
  6219 | D:6      | Reached skill level 9 in Long Blades
  6596 | D:6      | Reached XP level 9. HP: 75/75 MP: 9/9
  6714 | D:6      | Found an iron altar of Okawaru.
  7089 | D:6      | Found a white marble altar of Elyvilon.
  7490 | D:6      | Killed Sigmund
  7490 | D:6      | Reached skill level 10 in Long Blades
  8155 | D:7      | Reached *** piety under Makhleb
  8620 | D:7      | Noticed an eight-headed hydra
  9258 | D:7      | Reached XP level 10. HP: 86/86 MP: 10/10
  9778 | D:8      | Noticed a tengu warrior
  9788 | D:8      | Found a large runed translucent door.
  9816 | D:8      | Reached **** piety under Makhleb
  9818 | D:8      | Found a large runed translucent door.
  9820 | D:8      | Noticed Grum
  9828 | D:8      | Reached skill level 11 in Long Blades
  9852 | D:8      | Killed Grum
 10077 | D:8      | Found a large runed translucent door.
 10081 | D:8      | Found a large runed translucent door.
 10969 | D:8      | Killed a tengu warrior
 10969 | D:8      | Reached skill level 1 in Crossbows
 11323 | D:9      | Noticed a centaur warrior
 11337 | D:9      | Killed a centaur warrior
 11337 | D:9      | Reached skill level 12 in Long Blades
 11362 | D:9      | Reached XP level 11. HP: 95/95 MP: 11/11
 11591 | D:9      | Reached ***** piety under Makhleb
 11606 | D:9      | Reached skill level 1 in Invocations
 12081 | D:9      | Reached skill level 5 in Stealth
 12481 | D:10     | Entered Level 10 of the Dungeon
 12700 | D:10     | Noticed Maurice
 12736 | D:10     | Paralysed by Maurice for 7 turns
 12835 | D:10     | Noticed Harold
 12864 | D:10     | Killed Harold
 12886 | D:10     | Paralysed by something for 4 turns
 12895 | D:10     | Killed Maurice
 13143 | D:10     | Noticed a two-headed ogre
 13145 | D:10     | Noticed Psyche
 13151 | D:10     | Killed a two-headed ogre
 13154 | D:10     | Killed Psyche
 13483 | D:10     | Noticed a death yak
 13483 | D:10     | Noticed a death yak
 13556 | D:9      | Slain by a death yak

Illustrated notes

Levels and vault maps discovered:
D:1:      dpeg_arrival_arbitrary_a, layout_basic
D:2:      layout_loops_corners, chequers_temple_overflow_statue_of_worship,
          minmay_statues_item
D:3:      layout_loops_cross, uniq_jessica
D:4:      layout_basic, roderic_roman_lattice, minmay_increasing_density
D:5:      layout_rooms, first_ration
D:6:      layout_loops_ring, elyvilon_altar_3, minitemple,
          okawaru_ov_weapons_minmay, temple_pool_b, uniq_sigmund, uniq_pikel,
          uniq_edmund
D:7:      layout_cave_pools, the_bakery, lightli_minifort
D:8:      layout_basic, kennysheep_another_room, amethyst_killhole,
          minmay_hollow_rounded_squares, uniq_grum
D:9:      layout_grid_maze, minivault_20
D:10:     layout_irregular_city, dpeg_lair_monsters, uniq_harold, uniq_psyche,
          uniq_joseph, uniq_maurice, uniq_fannar

Skill      XL: |  1  2  3  4  5  6  7  8  9 10 11 |
---------------+----------------------------------+-----
Dodging        | 3 4 5 6 7 8 |  8.3
Long Blades    | 4 5 6 7 9 10 12 | 12.8
Fighting       | 3 4 6 7 8 9 |  9.4
Stealth        | 1 2 3 4 5 |  5.4
Crossbows      | 2 4 |  4.1
Invocations    | 1 |  1.3
Throwing       | |  1.7

Action                   |  1- 3 |  4- 6 |  7- 9 | 10-12 || total
-------------------------+-------+-------+-------+-------++-------
Melee: Long sword        |   107 |   155 |   464 |   374 ||  1100
       Tailslap          |    11 |    25 |    68 |    68 ||   172
Invok: Lesser Servant of |       |       |       |     2 ||     2
 Abil: Breathe Acid      |       |       |    11 |     8 ||    19
  Use: Scroll            |       |     4 |     2 |     3 ||     9
       Potion            |       |       |     2 |     1 ||     3
 Stab: Sleeping          |     1 |     2 |     7 |     4 ||    14
       Distracted        |       |       |     3 |     1 ||     4
  Eat: Chunk             |     3 |     8 |    15 |    12 ||    38
       Ration            |       |       |     1 |     1 ||     2
Armor: Skin              |    33 |    42 |   112 |   123 ||   310
Dodge: Dodged            |    73 |   106 |   319 |   291 ||   789
       Rpst.: Long sword |    24 |    32 |    93 |    89 ||   238
